 Dungeon Crawl Stone Soup version 0.22-a0-880-gb7b0c8b (webtiles) character file.

1615135 Nilihum the Axe Maniac (level 27, 245/245 HPs)
             Began as a Hill Orc Berserker on July 30, 2018.
             Was the Champion of Trog.
             Escaped with the Orb
             ... and 3 runes on July 31, 2018!
             The game lasted 02:56:18 (79229 turns).

Nilihum the Axe Maniac (Hill Orc Berserker)        Turns: 79229, Time: 02:56:19

Health: 245/245    AC: 44    Str: 40    XL:     27
Magic:  23/23      EV:  9    Int:  6    God:    Trog [******]
Gold:   4788       SH:  0    Dex: 11    Spells: 26/26 levels left

rFire    + + .     SeeInvis +   a - +4 executioner's axe "Kodghoge" {flame, MR+ Str+4 Int-3 Dex+3}
rCold    + . .     Gourm    .   (shield currently unavailable)
rNeg     + . .     Faith    .   C - +8 gold dragon scales
rPois    +         Spirit   +   E - +1 helmet
rElec    +         Reflect  .   D - scarf {Spirit}
rCorr    .         Harm     .   k - +0 pair of gloves of the Thirteen Hells {rElec rN+}
MR       +++..                  z - +2 pair of boots
Stlth    ..........             W - amulet "Haerush" {Regen+ SInv}
HPRegen  0.90/turn              G - ring of protection from cold
MPRegen  0.18/turn              K - ring of Activism {rF+ rC- Str+3 Int+4 Slay+3}

@: no status effects
A: clumsy 1, dopey 1, frail 1, no potion heal 2
0: Orb of Zot
}: 3/15 runes: decaying, silver, gossamer
a: Berserk, Trog's Hand, Brothers in Arms, Renounce Religion


You escaped.
You worshipped Trog.
Trog was exalted by your worship.
You were not hungry.

You visited 8 branches of the dungeon, and saw 46 of its levels.
You visited the Abyss 1 time.
You also visited: Trove.

You collected 6854 gold pieces.
You spent 2066 gold pieces at shops.

Inventory:

Hand Weapons
 a - the +4 executioner's axe "Kodghoge" (weapon) {flame, MR+ Str+4 Int-3 Dex+3}
   (Trog gifted it to you on level 2 of the Orcish Mines)

   It has been specially enchanted to burn those struck by it, causing extra
   injury to most foes and up to half again as much damage against particularly
   susceptible opponents.
   Big, fiery blades are also staple armaments of hydra-hunters.
   It affects your strength (+4).
   It affects your intelligence (-3).
   It affects your dexterity (+3).
   It affects your resistance to hostile enchantments.
 b - a +7 antimagic executioner's axe
 h - the +4 executioner's axe "Wivuemox" {flame, rC+ SInv}
   (Trog gifted it to you on level 4 of the Depths)

   It has been specially enchanted to burn those struck by it, causing extra
   injury to most foes and up to half again as much damage against particularly
   susceptible opponents.
   Big, fiery blades are also staple armaments of hydra-hunters.
   It protects you from cold.
   It lets you see invisible.
 p - the +7 lajatang of Order {silver, rMut}
   (You found it on level 3 of the Spider Nest)

   It protects you from mutation.
 x - the +2 battleaxe of the Shining Light {flame, rC+ Str+2}
   (Trog gifted it to you on level 5 of the Depths)

   It has been specially enchanted to burn those struck by it, causing extra
   injury to most foes and up to half again as much damage against particularly
   susceptible opponents.
   Big, fiery blades are also staple armaments of hydra-hunters.
   It affects your strength (+2).
   It protects you from cold.
Missiles
 I - 10 silver javelins
 S - 7 javelins of returning (quivered)
Armour
 k - the +0 pair of gloves of the Thirteen Hells (worn) {rElec rN+}
   (You acquired it on level 4 of the Spider Nest)

   It insulates you from electricity.
   It protects you from negative energy.
 z - a +2 pair of boots (worn)
 C - +8 gold dragon scales (worn)
 D - a scarf of spirit shield (worn)
 E - a +1 helmet (worn)
Jewellery
 d - an uncursed ring of positive energy
 g - the ring "Juura" {Dex+3 Stlth+}
   (You found it on level 5 of the Vaults)

   [ring of stealth]

   It affects your dexterity (+3).
   It makes you more stealthy.
 l - the ring "Suyfitue" {Fire Int+5}
   (You found it in a treasure trove)

   [ring of fire]

   It enhances your fire magic.
   It affects your intelligence (+5).
   It protects you from fire.
   It makes you vulnerable to cold.
 m - the amulet of Law {Acrobat rPois}
   (You found it in a treasure trove)

   [amulet of the acrobat]

   It helps you evade while moving and waiting.
   It protects you from poison.
 o - the ring "Lynkaxud" {MP+9 Stlth+}
   (You found it in a treasure trove)

   [ring of stealth]

   It affects your magic capacity (+9).
   It makes you more stealthy.
 B - the ring of Bups {Int+3 Dex+10}
   (You took it off a yaktaur on level 5 of the Vaults)

   [ring of intelligence]

   It affects your intelligence (+3).
   It affects your dexterity (+10).
 G - a ring of protection from cold (left hand)
 K - the ring of Activism (right hand) {rF+ rC- Str+3 Int+4 Slay+3}
   (You found it in a treasure trove)

   [ring of protection from fire]

   It affects your strength (+3).
   It affects your intelligence (+4).
   It affects your accuracy and damage with ranged weapons and melee attacks
   (+3).
   It protects you from fire.
   It makes you vulnerable to cold.
 N - the ring "Waleekea" {*Slow rF+ Slay+5 Stlth+}
   (You found it in a treasure trove)

   [ring of protection from fire]

   It affects your accuracy and damage with ranged weapons and melee attacks
   (+5).
   It protects you from fire.
   It may slow you when you take damage.
   It makes you more stealthy.
 Q - the amulet of Weluq {RegenMP MR+ Int+3 Dex+6}
   (You found it in a treasure trove)

   [amulet of magic regeneration]

   It increases your magic regeneration.
   It affects your intelligence (+3).
   It affects your dexterity (+6).
   It affects your resistance to hostile enchantments.
 R - an uncursed ring of protection from magic
 U - a ring of the Octopus King {rCorr AC+1 EV+1 Str+1 Int+1 Dex+1}
   (You found it in a treasure trove)

   [ring of resist corrosion]

   It affects your AC (+1).
   It affects your evasion (+1).
   It affects your strength (+1).
   It affects your intelligence (+1).
   It affects your dexterity (+1).
 V - an uncursed ring of resist corrosion
 W - the amulet "Haerush" (around neck) {Regen+ SInv}
   (You bought it in a shop on level 2 of the Orcish Mines)

   [amulet of regeneration]

   It lets you see invisible.
   It increases your rate of regeneration.
 X - the amulet "Okumo" {Gourm rPois MR+}
   (You found it in a treasure trove)

   [amulet of the gourmand]

   It allows you to eat raw meat even when not hungry.
   It protects you from poison.
   It affects your resistance to hostile enchantments.
 Y - the amulet of the Republic {Faith Dex+2}
   (You found it in a treasure trove)

   [amulet of faith]

   It allows you to gain divine favour quickly.
   It affects your dexterity (+2).
Wands
 v - a wand of digging (56)
Scrolls
 e - 23 scrolls of remove curse
 f - 4 scrolls of identify
 i - 8 scrolls of teleportation
 j - 11 scrolls of fog
 q - 4 scrolls of magic mapping
 y - 5 scrolls of fear
 L - 2 scrolls of brand weapon
 O - a scroll of blinking
 T - a scroll of summoning
 Z - a scroll of silence
Potions
 n - 4 potions of resistance
 r - 4 potions of heal wounds
 s - 11 potions of curing
 t - 12 potions of ambrosia
 u - 2 potions of mutation
 w - 3 potions of magic
 A - 11 potions of lignification
 F - a potion of might
 H - 4 potions of agility
 J - 3 potions of berserk rage
 M - 4 potions of haste
 P - 2 potions of cancellation
Comestibles
 c - 42 rations


   Skills:
 O Level 27 Fighting
 O Level 27 Axes
 + Level 24.1 Throwing
 O Level 27 Armour
 - Level 1.5 Dodging


You had 26 spell levels left.
You didn't know any spells.
Your spell library was empty.

Dungeon Overview and Level Annotations

Branches:
Dungeon (15/15)            Temple (0/1) D:4            Lair (6/6) D:8
  Swamp (4/4) Lair:2       Spider (4/4) Lair:2        Slime (0/5) Lair:5
    Orc (2/2) D:11            Elf (0/3) Orc:2        Vaults (5/5) D:13
  Crypt (0/3) Vaults:2     Depths (5/5) D:15            Zot (5/5) Depths:5

Altars:
Ashenzari
Dithmenos
Elyvilon
Fedhas
Makhleb
Ru
Trog
Vehumet
Xom
Zin

Shops:
D:8 (   D:10 ?   D:12 ?   D:14 *   Orc:2 *:(=[   Vaults:1 :(   Vaults:4 (
Depths:1 *!*([   Depths:2 }}=

Portals:
Hell: Depths:1 Depths:2 Depths:3 Depths:4 Depths:5
Abyss: Depths:2 Depths:4
Pandemonium: Depths:1 Depths:3
Ziggurat: Depths:5

Annotations:
D:7 1 runed door
D:12 3 runed doors, Haxuso's ghost, journeyman TrWz; Penuqu's ghost, journeyman DsVM; emiel's ghost, journeyman SpVM; mortelune's ghost, journeyman DrFE; vineage's ghost, journeyman HOFi
Lair:2 exclusion: 3 oklob plants
Spider:3 2 transporters, melvinkitnick's ghost, adept MiGl
Vaults:3 3 runed doors, Erid's ghost, adept DDFi
Depths:3 2 exclusions
Depths:4 3 runed doors
Zot:2 1 runed door, Torious's ghost, legendary DECj


Innate Abilities, Weirdness & Mutations

You are clumsy. (Dex -2)
You are dopey. (Int -2)
You are frail. (-10% HP)
Potions are poor at restoring your health.


Message History

There is a stone staircase leading down here.
You open the door.
There is an open door here.
There is a stone staircase leading up here.
You climb upwards.
There is a stone staircase leading down here.
There is a stone staircase leading up here.
You climb upwards.
There is a stone staircase leading down here.
There is a stone staircase leading up here.
You climb upwards.
There is a stone staircase leading down here.
Evoke which item? (* to show all) (? for menu, Esc to quit)
Aiming: Dig
Press: ? - help, Shift-Dir - straight line A rock wall.
This square is covered in magical glow.
The rock shatters into small pieces.
There is a staircase leading out of the dungeon here.
You have escaped!

.##.##.#.##...#.......P.#.#
.##..#.#.##.#.#.#########.#
.###.#.#.##.#.......#...#.#
.# #...#.####.#####.#.#.###
.####..#.##...#(.†..#.#)..#
.......#.###.########.#####
######.#.##...............#
.........##.######.######.#
................@#.#......#
.........##################
.......(.# (........#
........># .........#
.......### ......)#
.......#


There were no monsters in sight!

Vanquished Creatures
  3 ancient liches (Zot:5)
  4 orbs of fire
  Mara (Vaults:2)
  Saint Roka (Depths:2)
  3 Killer Klowns (Zot:5)
  2 curse toes (Zot:5)
  5 caustic shrikes
  the Enchantress (Depths:4)
  11 golden dragons
  Jorgrun (Depths:4)
  2 electric golems (Zot:5)
  An Ice Fiend (Zot:4)
  14 tentacled monstrosities
  21 Orb Guardians
  2 quicksilver dragons
  3 liches
  5 titans (Vaults:5)
  2 tentacled starspawn (Abyss:3)
  An Executioner (D:8)
  11 sphinxes
  5 death cobs
  12 tengu reavers
  2 thorn hunters
  16 storm dragons
  10 draconian monks
  15 shadow dragons
  3 iron dragons
  A ghost moth (shapeshifter) (Vaults:1)
  19 fire giants
  5 deep elf sorcerers
  15 frost giants
  8 draconian knights
  9 emperor scorpions
  10 draconian scorchers
  15 vault wardens
  6 draconian shifters
  A ghoul (Vaults:4)
  5 ghost moths
  6 draconian stormcallers
  5 spriggan defenders (Depths:4)
  9 draconian annihilators
  A deep elf elementalist (Vaults:4)
  17 very ugly things
  27 ironheart preservers
  4 entropy weavers
  3 war gargoyles
  31 stone giants
  A reaper (Vaults:2)
  14 green draconians
  11 yellow draconians
  Nessos (D:15)
  2 vampire knights
  7 deep elf demonologists
  19 purple draconians
  14 black draconians
  20 red draconians
  A deep elf annihilator (Vaults:1)
  7 spark wasps
  7 white draconians
  Snorg (Lair:3)
  A green death (Depths:1)
  A blizzard demon (Depths:3)
  20 ettins
  An eidolon (Vaults:2)
  A crystal guardian (Vaults:4)
  4 deep elf death magi
  18 ogre magi
  7 great orbs of eyes
  12 fire dragons
  24 yaktaur captains
  18 hydras
  Harold (D:11)
  4 spriggan air magi
  22 ice dragons
  37 vault guards
  9 rakshasas
  A caustic shrike simulacrum (Depths:3)
  4 death knights
  12 centaur warriors
  A juggernaut simulacrum (Depths:3)
  3 catoblepae (Lair:6)
  9 ghost crabs
  7 alligators
  13 deep troll earth magi
  12 deep troll shamans
  48 two-headed ogres
  Urug (D:11)
  3 thrashing horrors (Abyss:3)
  15 death yaks
  22 hell knights
  4 spriggan berserkers
  A vampire mage (Depths:3)
  5 tengu warriors
  2 soul eaters
  11 spriggans
  6 deep elf knights
  6 skeletal warriors
  A shadow wraith (Vaults:1)
  A wretched star (Abyss:3)
  A sixfirhy (Depths:1)
  A death drake (shapeshifter) (Vaults:4)
  8 deep elf archers
  3 iron trolls (Depths:5)
  6 wizards
  5 spriggan druids
  3 flayed ghosts
  A storm dragon skeleton (Depths:3)
  8 swamp dragons
  25 deep trolls
  4 phantasmal warriors
  8 glowing orange brains
  A wolf spider zombie (D:15)
  A mana viper (shapeshifter) (Vaults:3)
  18 ironbrand convokers
  3 shambling mangroves
  A frost giant zombie (Vaults:4)
  A harpy (Vaults:3)
  14 necromancers
  3 orc sorcerers
  20 orb spiders
  26 wolf spiders
  17 orc knights
  A fire giant zombie (Vaults:1)
  38 ugly things
  19 deep elf magi
  A stone giant zombie (Vaults:4)
  22 moths of wrath
  11 cyclopes
  4 manticores
  A cyclops (shapeshifter) (Vaults:1)
  A manticore (shapeshifter) (Vaults:5)
  A guardian serpent (shapeshifter) (Vaults:1)
  3 black mambas
  24 vault sentinels
  2 rust devils
  Joseph (D:8)
  Maurice (D:9)
  A water nymph (shapeshifter) (Depths:4)
  A black mamba (shapeshifter) (Vaults:4)
  3 apocalypse crabs (Swamp:1)
  An eye of devastation (shapeshifter) (Depths:4)
  Psyche (D:11)
  A smoke demon (D:8)
  A centaur skeleton (D:15)
  A spiny frog (shapeshifter) (Vaults:4)
  3 torpor snails
  25 spiny frogs
  4 rime drakes
  57 yaktaurs
  A tormentor (Abyss:3)
  8 demonic crawlers
  6 tengu conjurers
  8 komodo dragons
  4 ice devils
  8 freezing wraiths
  2 hellwings (Depths:4)
  3 polar bears (shapeshifter)
  34 jumping spiders
  3 meliai (Spider:4)
  8 tyrant leeches
  A queen bee (Spider:4)
  A queen bee (shapeshifter) (Vaults:5)
  2 polar bears
  7 raiju (Abyss:3)
  6 trolls
  25 hornets
  32 slime creatures
  14 blink frogs
  A hippogriff (shapeshifter) (D:14)
  10 hippogriffs
  An ettin zombie (Vaults:1)
  A frost giant simulacrum (Vaults:4)
  A raiju (shapeshifter) (Vaults:4)
  7 bog bodies
  8 shadows
  2 redbacks (shapeshifter)
  54 yaks
  A ynoxinul (Abyss:3)
  5 wraiths
  27 tarantellas
  39 redbacks
  2 spriggans (shapeshifter)
  4 wyverns
  2 large abominations (Abyss:3)
  3 hogs (Lair:6)
  A human (shapeshifter) (Depths:3)
  Grum (D:8)
  2 neqoxecs (Depths:3)
  5 basilisks
  15 humans (D:13)
  5 vampire mosquitoes
  2 steam dragons
  2 hungry ghosts
  A yaktaur simulacrum (Vaults:2)
  A chaos spawn (Depths:3)
  13 swamp worms
  A swamp worm (shapeshifter) (Vaults:3)
  Edmund (D:5)
  5 wargs
  A soldier ant (D:15)
  2 soldier ants (shapeshifter)
  24 insubstantial wisps
  An acid dragon (D:13)
  7 hell hounds
  A floating eye (shapeshifter) (Vaults:5)
  A floating eye (Depths:4)
  15 water moccasins
  9 swamp drakes
  11 porcupines
  2 black bears (D:9)
  50 orc warriors
  6 ice beasts
  3 sky beasts
  An ettin simulacrum (Vaults:2)
  7 boggarts
  2 phantoms
  33 ogres
  18 wolves
  20 centaurs
  13 crocodiles
  An elf zombie (D:5)
  A human zombie (Vaults:4)
  2 big kobolds
  11 bullfrogs
  A wyvern zombie (D:14)
  A gnoll sergeant (D:4)
  2 elf skeletons
  3 deep troll simulacra
  2 scorpions
  2 wyvern skeletons
  37 killer bees
  10 wights
  7 howler monkeys
  4 electric eels
  4 starcursed masses
  11 crimson imps
  2 bullfrog zombies
  2 centaur zombies
  A human simulacrum (Vaults:4)
  4 quasits
  9 hounds
  5 jellies
  11 orc priests
  A gnoll shaman (D:5)
  14 orc wizards
  A bullfrog skeleton (D:13)
  5 iguanas
  3 iron imps
  3 human skeletons
  Terence (D:2)
  12 worker ants
  3 hound skeletons
  A worker ant zombie (D:7)
  Robin (D:2)
  7 gnolls
  2 howler monkey skeletons
  9 adders
  3 shadow imps
  A white imp (Depths:3)
  An ufetubus (Depths:3)
  2 oozes
  A worm (D:3)
  3 dart slugs
  4 leopard geckos
  90 orcs
  7 bats
  6 giant cockroaches
  13 goblins
  12 hobgoblins
  19 jackals
  9 kobolds
  A quokka (D:3)
  A ball python (D:2)
  4 frilled lizards
  A jackal zombie (D:8)
  2 orc skeletons (D:5)
  9 rats
  4 briar patches (Swamp:3)
  8 fungi
  10 plants
2264 creatures vanquished.

Vanquished Creatures (collateral kills)
  An ancient lich (Zot:5)
  2 Orb Guardians (Zot:5)
  Rupert (Lair:4)
  Kirke (Lair:6)
  A white draconian (Zot:5)
  3 hydras
  2 hogs (Lair:6)
  A crocodile (Lair:6)
12 creatures vanquished.

Vanquished Creatures (others)
  A golden dragon (Zot:1)
  A draconian knight (Zot:1)
  A fire giant (Vaults:5)
  A necromancer (Depths:3)
  A redback (Spider:3)
  A human (D:13)
  A swamp drake (Swamp:4)
  A ball lightning (Zot:5)
  2 briar patches (Swamp:3)
  13 fungi
  13 plants
  15 starspawn tentacles (Abyss:3)
  8 withered plants
59 creatures vanquished.

Grand Total: 2335 creatures vanquished

Notes
Turn   | Place    | Note
-------+----------+-------------------------------------------
     0 | D:1      | Nilihum the Hill Orc Berserker began the quest for the Orb.
     0 | D:1      | Reached XP level 1. HP: 19/19 MP: 1/1
    87 | D:1      | Reached XP level 2. HP: 12/27 MP: 2/2
   772 | D:1      | Reached XP level 3. HP: 29/33 MP: 3/3
   983 | D:2      | Noticed Robin
   990 | D:2      | Reached ** piety under Trog
  1012 | D:1      | Reached skill level 5 in Axes
  1775 | D:2      | Killed Robin
  1777 | D:2      | Reached XP level 4. HP: 40/40 MP: 4/4
  1923 | D:2      | Found a sacrificial altar of Ru.
  2042 | D:2      | Found a shadowy altar of Dithmenos.
  2046 | D:2      | Found a shattered altar of Ashenzari.
  2058 | D:2      | Found a glowing silver altar of Zin.
  2122 | D:2      | Noticed Terence
  2136 | D:2      | Killed Terence
  2687 | D:2      | Reached XP level 5. HP: 42/47 MP: 5/5
  3614 | D:3      | Reached skill level 5 in Fighting
  3614 | D:3      | Reached XP level 6. HP: 56/56 MP: 6/6
  4040 | D:3      | Reached *** piety under Trog
  4962 | D:4      | Noticed a steam dragon
  4973 | D:4      | Killed a steam dragon
  4973 | D:4      | Reached XP level 7. HP: 25/62 MP: 7/7
  5707 | D:4      | Found a staircase to the Ecumenical Temple.
  6075 | D:5      | Entered Level 5 of the Dungeon
  6144 | D:5      | Reached skill level 5 in Armour
  6271 | D:5      | Reached XP level 8. HP: 71/71 MP: 8/8
  6372 | D:5      | Noticed Edmund
  6395 | D:5      | Killed Edmund
  6891 | D:5      | Reached **** piety under Trog
  6925 | D:5      | Reached skill level 10 in Axes
  7487 | D:6      | Found a radiant altar of Vehumet.
  8140 | D:7      | Reached XP level 9. HP: 72/79 MP: 9/9
  8373 | D:7      | Found a white marble altar of Elyvilon.
  8374 | D:7      | Found a runed door.
  8374 | D:7      | Noticed an angel
  8480 | D:7      | Found a bloodstained altar of Trog.
  9774 | D:8      | Found a staircase to the Lair.
  9821 | D:8      | Noticed Grum
  9847 | D:8      | Killed Grum
 10392 | D:8      | Noticed a hornet
 10398 | D:8      | Killed a hornet
 10398 | D:8      | Reached XP level 10. HP: 91/91 MP: 10/10
 10556 | D:8      | Found Zaliunio's Weapon Boutique.
 10934 | D:9      | Noticed Joseph
 10952 | D:8      | Reached ***** piety under Trog
 10955 | D:8      | Killed Joseph
 11070 | D:9      | Noticed Maurice
 11217 | D:9      | Killed Maurice
 11449 | D:9      | Reached skill level 10 in Fighting
 11821 | D:9      | Found a burning altar of Makhleb.
 11822 | D:9      | Found a shimmering altar of Xom.
 11892 | D:9      | Received a gift from Trog
 12338 | Lair:1   | Entered Level 1 of the Lair of Beasts
 12379 | Lair:1   | Reached XP level 11. HP: 99/101 MP: 9/11
 12681 | Lair:1   | Reached skill level 15 in Axes
 13931 | Lair:1   | Found a blossoming altar of Fedhas.
 14199 | Lair:1   | Reached skill level 10 in Armour
 15016 | Lair:2   | Got a warped amethyst amulet
 15018 | Lair:2   | Identified the amulet "Epourr" {Acrobat Int+4 Dex-3 Stlth+} (You found it on level 2 of the Lair of Beasts)
 15207 | Lair:2   | Noticed an oklob plant
 15207 | Lair:2   | Noticed an oklob plant
 15207 | Lair:2   | Noticed an oklob plant
 15510 | Lair:2   | Reached XP level 12. HP: 91/111 MP: 8/12
 15718 | Lair:2   | Found a hole to the Spider Nest.
 15981 | Lair:2   | Found a staircase to the Swamp.
 16832 | Lair:3   | Reached ****** piety under Trog
 16894 | Lair:3   | Noticed Snorg
 16907 | Lair:3   | Killed Snorg
 17378 | Lair:3   | Received a gift from Trog
 17644 | Lair:3   | Identified a scroll of acquirement
 18327 | Lair:4   | Noticed Rupert
 18333 | Lair:4   | Killed Rupert
 18508 | Lair:4   | Noticed a death yak
 18518 | Lair:4   | Noticed a death yak
 18521 | Lair:4   | Killed a death yak
 18521 | Lair:4   | Noticed a death yak
 18521 | Lair:4   | Noticed a death yak
 18541 | Lair:4   | Noticed a death yak
 18548 | Lair:3   | Killed a death yak
 18548 | Lair:3   | Reached XP level 13. HP: 122/122 MP: 10/13
 19514 | Lair:5   | Found a staircase to the Slime Pits.
 19969 | Lair:6   | Entered Level 6 of the Lair of Beasts
 20092 | Lair:6   | Noticed Kirke
 20100 | Lair:6   | Killed Kirke
 20208 | Lair:6   | Received a gift from Trog
 20481 | Lair:6   | Reached XP level 14. HP: 132/132 MP: 14/14
 22538 | D:10     | Entered Level 10 of the Dungeon
 23067 | D:10     | Received a gift from Trog
 23160 | D:10     | Found Mosk's Magic Scroll Shop.
 23163 | D:10     | Bought a scroll of enchant weapon for 82 gold pieces
 23163 | D:10     | Bought a scroll of enchant weapon for 82 gold pieces
 23163 | D:10     | Bought a scroll of teleportation for 33 gold pieces
 23409 | D:11     | Noticed Urug
 23417 | D:11     | Killed Urug
 23740 | D:11     | Noticed Psyche
 23744 | D:11     | Killed Psyche
 23939 | D:11     | Found a staircase to the Orcish Mines.
 23942 | D:11     | Noticed Harold
 23955 | D:11     | Killed Harold
 24032 | D:11     | Reached skill level 15 in Fighting
 24164 | Orc:1    | Entered Level 1 of the Orcish Mines
 24233 | Orc:2    | Entered Level 2 of the Orcish Mines
 24453 | Orc:2    | Found a staircase to the Elven Halls.
 24597 | Orc:2    | Found Luwn's Antique Armour Shoppe.
 25082 | Orc:2    | Received a gift from Trog
 25090 | Orc:2    | Got an ancient executioner's axe {god gift}
 25259 | Orc:2    | Identified the +4 executioner's axe "Kodghoge" {flame, MR+ Str+4 Int-3 Dex+3} (Trog gifted it to you on level 2 of the Orcish Mines)
 25707 | Orc:2    | Found Rungoliff's Weapon Shop.
 25707 | Orc:2    | Found Wikliman's Book Emporium.
 25709 | Orc:2    | Found Ojyir's General Store.
 25711 | Orc:2    | Found Askigred's Jewellery Boutique.
 25723 | Orc:2    | Bought the amulet "Haerush" {Regen+ SInv} for 453 gold pieces
 26125 | Orc:1    | Reached XP level 15. HP: 136/141 MP: 12/15
 27246 | D:12     | Found a runed gate.
 27559 | D:12     | Found a runed gate.
 27559 | D:12     | Found a runed gate.
 27562 | D:12     | Noticed mortelune's ghost (journeyman DrFE)
 27562 | D:12     | Noticed vineage's ghost (journeyman HOFi)
 27563 | D:12     | Noticed Penuqu's ghost (journeyman DsVM)
 27563 | D:12     | Noticed emiel's ghost (journeyman SpVM)
 27564 | D:12     | Noticed Haxuso's ghost (journeyman TrWz)
 27596 | D:12     | Found Kutun's Magic Scroll Shoppe.
 27613 | D:12     | Bought a scroll of teleportation for 48 gold pieces
 27613 | D:12     | Bought a scroll of teleportation for 48 gold pieces
 27767 | D:12     | Received a gift from Trog
 27984 | D:13     | Found a gate to the Vaults.
 29284 | D:14     | Reached skill level 15 in Armour
 29855 | D:14     | Found Zomamaamm's General Store.
 29924 | D:15     | Entered Level 15 of the Dungeon
 29955 | D:15     | Found a staircase to the Depths.
 29955 | D:15     | Noticed a fire giant
 30008 | D:15     | Noticed Nessos
 30024 | D:15     | Killed Nessos
 30177 | D:15     | Killed a fire giant
 30396 | D:15     | Received a gift from Trog
 30633 | D:15     | Reached XP level 16. HP: 146/152 MP: 14/16
 30946 | Orc:2    | Bought an uncursed ring of poison resistance for 220 gold pieces
 31213 | Swamp:1  | Entered Level 1 of the Swamp
 31259 | Swamp:1  | Found a runed door.
 34246 | Swamp:3  | Received a gift from Trog
 34490 | Swamp:3  | Noticed a thorn hunter
 34502 | Swamp:3  | Killed a thorn hunter
 35189 | Swamp:4  | Entered Level 4 of the Swamp
 35275 | Swamp:4  | Reached XP level 17. HP: 87/163 MP: 10/17
 35601 | Swamp:4  | Received a gift from Trog
 35843 | Swamp:4  | Got a decaying rune of Zot
 36118 | Spider:1 | Entered Level 1 of the Spider Nest
 37187 | Spider:1 | Received a gift from Trog
 38803 | Spider:3 | Found a transporter.
 38803 | Spider:3 | Found a transporter.
 38803 | Spider:3 | Noticed melvinkitnick's ghost (adept MiGl)
 39018 | Spider:3 | Reached XP level 18. HP: 176/176 MP: 12/18
 39291 | Spider:3 | Received a gift from Trog
 39627 | Spider:3 | Found the +7 lajatang of Order {silver, rMut}
 39780 | Spider:4 | Entered Level 4 of the Spider Nest
 39782 | Spider:4 | Got a pair of warped gloves
 39794 | Spider:4 | Identified the +0 pair of gloves of the Thirteen Hells {rElec rN+} (You acquired it on level 4 of the Spider Nest)
 41187 | Spider:4 | Identified Sif Muna's Collected Works on Arcane Weapons and the Arsonist
 41203 | Spider:4 | Got a gossamer rune of Zot
 41500 | Vaults:1 | Entered Level 1 of the Vaults
 41643 | Vaults:1 | Received a gift from Trog
 41883 | Vaults:1 | Found Xetian's Book Emporium.
 42016 | Vaults:1 | Received a gift from Trog
 42025 | Vaults:1 | Found Boomacw's Weapon Emporium.
 42468 | Vaults:1 | Reached XP level 19. HP: 102/185 MP: 10/19
 43059 | Vaults:1 | Received a gift from Trog
 43759 | Vaults:2 | Noticed Mara
 43771 | Vaults:2 | Noticed Nilihum's illusion
 43773 | Vaults:2 | Killed Mara
 43832 | Vaults:2 | Noticed a Brimstone Fiend
 43837 | Vaults:2 | Noticed a Tzitzimitl
 43909 | Vaults:2 | Found a staircase to the Crypt.
 44968 | Vaults:1 | Got a pair of bloodstained boots
 44979 | Vaults:1 | Identified the +2 pair of boots of Turchodwi {-Tele rC+++ rN+} (You acquired it on level 1 of the Vaults)
 45049 | Vaults:2 | Noticed a Tzitzimitl
 45377 | Vaults:2 | Received a gift from Trog
 45377 | Vaults:2 | Reached XP level 20. HP: 198/198 MP: 17/20
 48610 | Vaults:3 | Received a gift from Trog
 48617 | Vaults:3 | Reached skill level 27 in Axes
 49145 | Vaults:3 | Reached XP level 21. HP: 182/209 MP: 18/21
 50312 | Vaults:3 | Found a runed gate.
 50312 | Vaults:3 | Found a runed gate.
 50312 | Vaults:3 | Found a runed gate.
 50313 | Vaults:3 | Noticed Erid's ghost (adept DDFi)
 50313 | Vaults:3 | Noticed Erid's ghost (adept DDFi)
 50945 | Vaults:4 | Received a gift from Trog
 51128 | Vaults:4 | Paralysed by a sphinx for 3 turns
 52547 | Vaults:4 | Received a gift from Trog
 52668 | Vaults:4 | Found Beyhula's Antique Weapon Shop.
 53785 | Depths:1 | Entered Level 1 of the Depths
 53943 | Depths:1 | Found Zitwinle's Elemental Accessories.
 53959 | Depths:1 | Reached XP level 22. HP: 222/222 MP: 20/22
 54232 | Depths:1 | Found Ruofextese's General Store.
 54236 | Depths:1 | Found Amnaoroe's Distillery.
 54237 | Depths:1 | Found Wiluykuc's Antique Weapon Emporium.
 54241 | Depths:1 | Found Sacav's Antique Armour Emporium.
 54244 | Depths:1 | Bought a potion of haste for 160 gold pieces
 54244 | Depths:1 | Bought a potion of curing for 48 gold pieces
 54244 | Depths:1 | Bought a potion of heal wounds for 80 gold pieces
 54252 | Depths:1 | Bought a steaming plate armour for 812 gold pieces
 54252 | Depths:1 | Identified the +1 plate armour "Nileroe" {Str+3 Int+4 Dex-3} (You bought it in a shop on level 1 of the Depths)
 54303 | Depths:1 | Found a one-way gate leading to the halls of Pandemonium.
 54612 | Depths:1 | Received a gift from Trog
 54718 | Depths:1 | Found a portal to a secret trove of treasure.
 54836 | Depths:1 | Found a gateway to Hell.
 57023 | Depths:2 | Noticed Saint Roka
 57386 | Depths:2 | Killed Saint Roka
 57457 | Depths:2 | Found Doduebax's Gadget Emporium.
 57459 | Depths:2 | Found Xiqar's Jewellery Boutique.
 57460 | Depths:2 | Found Viytel's Gadget Emporium.
 57762 | Depths:2 | Received a gift from Trog
 58090 | Depths:2 | Found a one-way gate to the infinite horrors of the Abyss.
 58951 | Depths:3 | Reached XP level 23. HP: 183/229 MP: 19/23
 59132 | Depths:3 | Received a gift from Trog
 60916 | Depths:4 | Found a runed door.
 61199 | Depths:4 | Received a gift from Trog
 61210 | Depths:4 | Got a steaming executioner's axe {god gift}
 61237 | Depths:4 | Identified the +4 executioner's axe "Wivuemox" {flame, rC+ SInv} (Trog gifted it to you on level 4 of the Depths)
 61472 | Depths:4 | Noticed a golden dragon
 61485 | Depths:4 | Killed a golden dragon
 62164 | Depths:4 | Found a runed door.
 62164 | Depths:4 | Found a runed door.
 62181 | Depths:4 | Noticed Jorgrun
 62198 | Depths:4 | Killed Jorgrun
 62198 | Depths:4 | Received a gift from Trog
 62214 | Depths:4 | Noticed the Enchantress
 62442 | Depths:1 | You paid a toll of a +6 demon whip to enter a treasure trove
 62443 | Trove    | Entered a treasure trove
 62447 | Trove    | Found the ring of the Octopus King
 62479 | Trove    | Identified the ring "Waleekea" {*Slow rF+ Slay+5 Stlth+} (You found it in a treasure trove)
 62481 | Trove    | Identified the ring of Activism {rF+ rC- Str+3 Int+4 Slay+3} (You found it in a treasure trove)
 62483 | Trove    | Identified the ring "Lynkaxud" {MP+9 Stlth+} (You found it in a treasure trove)
 62485 | Trove    | Identified the amulet of Weluq {RegenMP MR+ Int+3 Dex+6} (You found it in a treasure trove)
 62487 | Trove    | Identified the ring "Suyfitue" {Fire Int+5} (You found it in a treasure trove)
 62489 | Trove    | Identified the amulet "Okumo" {Gourm rPois MR+} (You found it in a treasure trove)
 62491 | Trove    | Identified the amulet of the Republic {Faith Dex+2} (You found it in a treasure trove)
 62497 | Trove    | Identified the amulet of Law {Acrobat rPois} (You found it in a treasure trove)
 62540 | Trove    | Got a ring of the Octopus King
 62840 | Depths:4 | Reached XP level 24. HP: 243/243 MP: 23/23
 62916 | Depths:4 | Identified a ring of the Octopus King {rCorr AC+1 EV+1 Str+1 Int+1 Dex+1} (You found it in a treasure trove)
 62932 | Depths:4 | Noticed a caustic shrike
 62972 | Depths:4 | Killed a caustic shrike
 63523 | Depths:4 | Got a transparent bone amulet
 63528 | Depths:4 | Identified the amulet "Wetap" {Inacc *Corrode rPois rF+} (You found it on level 4 of the Depths)
 63685 | Depths:4 | Killed the Enchantress
 63685 | Depths:4 | Reached skill level 27 in Armour
 64236 | Depths:5 | Entered Level 5 of the Depths
 64627 | Depths:4 | Cast into level 3 of the Abyss (tengu reaver)
 64850 | Abyss:3  | Found a corrupted altar of Lugonu.
 64965 | Depths:4 | Escaped the Abyss
 65239 | Depths:4 | Received a gift from Trog
 65323 | Depths:4 | Found a runed door.
 65355 | Depths:4 | Found a runed door.
 65850 | Depths:5 | Noticed a caustic shrike
 65852 | Depths:5 | Noticed a caustic shrike
 65857 | Depths:5 | Reached skill level 27 in Fighting
 65859 | Depths:5 | Reached skill level 1 in Throwing
 65860 | Depths:5 | Killed a caustic shrike
 65867 | Depths:4 | Killed a caustic shrike
 66175 | Depths:5 | Reached skill level 5 in Throwing
 66305 | Depths:5 | Noticed a caustic shrike
 66321 | Depths:5 | Noticed a caustic shrike
 66322 | Depths:5 | Killed a caustic shrike
 66333 | Depths:5 | Killed a caustic shrike
 66333 | Depths:5 | Reached XP level 25. HP: 77/257 MP: 9/23
 66604 | Depths:5 | Received a gift from Trog
 66893 | Depths:5 | Found a gateway to a ziggurat.
 67268 | Depths:5 | Found a gate to the Realm of Zot.
 67619 | Vaults:5 | Entered Level 5 of the Vaults
 67626 | Vaults:5 | Reached skill level 10 in Throwing
 67798 | Vaults:5 | Received a gift from Trog
 68268 | Vaults:5 | Received a gift from Trog
 68587 | Vaults:5 | Reached XP level 26. HP: 251/266 MP: 21/23
 68985 | Vaults:5 | Got a silver rune of Zot
 69153 | Vaults:5 | Got a warped ivory ring
 69202 | Vaults:5 | Received a gift from Trog
 69232 | Vaults:5 | Reached skill level 15 in Throwing
 69271 | Vaults:5 | Received a gift from Trog
 69580 | Vaults:5 | Identified the Catalogue of Translocation and Enhancements
 69582 | Vaults:5 | Identified the amulet of Icvimu Inis {Inacc Dex+2} (You found it on level 5 of the Vaults)
 69584 | Vaults:5 | Identified the ring of Bups {Int+3 Dex+10} (You took it off a yaktaur on level 5 of the Vaults)
 69908 | Vaults:5 | Identified the ring "Juura" {Dex+3 Stlth+} (You found it on level 5 of the Vaults)
 70243 | Zot:1    | Entered Level 1 of the Realm of Zot
 70326 | Zot:1    | Noticed an orb of fire
 70333 | Zot:1    | Gained mutation: You are dopey. (Int -2) [an orb of fire]
 70342 | Zot:1    | Killed an orb of fire
 70882 | Zot:1    | Received a gift from Trog
 72045 | Zot:2    | Noticed an orb of fire
 72435 | Zot:2    | Reached XP level 27. HP: 148/273 MP: 18/23
 72774 | Zot:2    | Killed an orb of fire
 72996 | Zot:2    | Found a runed door.
 72996 | Zot:2    | Noticed Torious's ghost (legendary DECj)
 73190 | Zot:3    | Received a gift from Trog
 73319 | Zot:3    | HP: 9/273 [purple draconian/bolt of dispelling energy (23)]
 74037 | Zot:3    | Received a gift from Trog
 74066 | Zot:3    | Received a gift from Trog
 75187 | Zot:4    | Found the silken robe
 75187 | Zot:4    | Identified the -5 robe of Misfortune {-Cast *Contam *Tele *Drain EV-5 Stlth-- *Curse} (You acquired it on level 4 of the Realm of Zot)
 76079 | Zot:5    | Entered Level 5 of the Realm of Zot
 76883 | Zot:5    | Received a gift from Trog
 77037 | Zot:5    | Noticed an ancient lich
 77053 | Zot:5    | Killed an ancient lich
 77054 | Zot:5    | Noticed an ancient lich
 77057 | Zot:5    | Noticed an ancient lich
 77064 | Zot:5    | Killed an ancient lich
 77070 | Zot:5    | Killed an ancient lich
 77647 | Zot:5    | Noticed an ancient lich
 77654 | Zot:5    | Killed an ancient lich
 78082 | Zot:5    | Noticed an orb of fire
 78086 | Zot:5    | Gained mutation: You are frail. (-10% HP) [an orb of fire]
 78095 | Zot:5    | Gained mutation: Potions are less effective at restoring your health. [an orb of fire]
 78102 | Zot:5    | Killed an orb of fire
 78259 | Zot:5    | Noticed an orb of fire
 78261 | Zot:5    | Gained mutation: Potions are poor at restoring your health. [an orb of fire]
 78263 | Zot:5    | Gained mutation: You are clumsy. (Dex -2) [an orb of fire]
 78271 | Zot:5    | Killed an orb of fire
 78606 | Zot:5    | Got the Orb of Zot
 78794 | Depths:5 | Received a gift from Trog
 78806 | Depths:5 | Got a smoking battleaxe {god gift}
 78808 | Depths:5 | Identified the +2 battleaxe of the Shining Light {flame, rC+ Str+2} (Trog gifted it to you on level 5 of the Depths)
 78893 | D:15     | Noticed Coang the pandemonium lord
 79229 | D:$      | Escaped with the Orb!

Vault maps used:
D:1:      onia_arrival_mini_maze
D:2:      nicolae_ru_awakened_eye, minmay_overflow_temple_star_quad,
          uniq_terence, uniq_robin
D:3:      first_ration, minivault_26
D:4:      minmay_temple_entry_from_below_a, lightli_minifort
D:5:      nicolae_ossuary_entry_catacombs, uniq_edmund
D:6:      vehumet_altar_wand_db
D:7:      lemuel_round_altar, lemuel_angel_altar
D:8:      minmay_lair_entry_lava, serial_shops, shop, uniq_grum
D:9:      grunt_temple_overflow_champion_of_chaos, uniq_maurice, uniq_joseph
D:10:     serial_shops, nicolae_shop_behind_doors
D:11:     david_orc_2, uniq_harold, uniq_psyche, uniq_urug
D:12:     kennysheep_room_grid, gammafunk_ghost_cemetery, serial_shops, shop,
          serial_curves, eino_curves_02, eino_curves_02, grunt_tengu_nest
D:13:     david_vaults_3, spider_trap
D:14:     serial_shops, shop_fountains, nicolae_sextant
D:15:     grunt_enter_depths_giant_problem, serial_park_gazebo, uniq_nessos
Lair:1:   basic_altar
Lair:2:   swamp_mist_pool, nicolae_spider_entry_orb_guardian, st_stairs_6,
          minivault_25, grunt_megastairs_2, minmay_lair_oklob_chamber
Lair:3:   portal_ice_cave_demonic_guard, lemuel_fruit_fields, uniq_snorg
Lair:4:   serial_forest, infiniplex_forest_lined_2,
          infiniplex_forest_lined_corner, infiniplex_forest_clump_double,
          infiniplex_forest_straight_1, infiniplex_forest_straight_2,
          infiniplex_forest_clump_diagonal, infiniplex_forest_end_2,
          infiniplex_forest_straight_2, serial_bayou_shore_a, uniq_rupert
Lair:5:   slime_dummy, beast_lair_carwin_1
Lair:6:   evilmike_catoblepas_cave, uniq_kirke
Swamp:1:  gammafunk_mikee_crab_dinner, evilmike_swamp_ruin_house_3, swamp_pool4,
          hangedman_swamp_lotus
Swamp:2:  evilmike_swamp_ruin_house_4
Swamp:3:  nicolae_swamp_dense_foliage
Swamp:4:  swamp, swamp_pool5
Spider:3: gammafunk_ghost_arena, nicolae_spider_cling_ruins
Spider:4: grunt_spider_rune_circles, special_room
Orc:2:    st_orc_rangers, serial_shops, nicolae_shop_competitors_out_of_business
Vaults:1: vaults_dpeg_encased_lava, ontoclasm_vaults_twist,
          ontoclasm_vaults_pinch, v_misc_18, ontoclasm_vaults_chip,
          vaults_mumra_hexcomb, st_smaller_cells, v_rooms_4,
          nicolae_vaults_yaktaur_gun_rack, v_pattern_1, serial_shops, shop,
          nicolae_shop_stone
Vaults:2: grunt_vaults_trifunnel, hangedman_vaults_stream, v_misc_19,
          nicolae_vaults_disjoint_gnomons, hangedman_vaults_nails,
          vaults_dpeg_doors, vaults_dpeg_ring, dpeg_vaults_monster_box,
          hangedman_vaults_impose, v_misc_1, nicolae_vaults_meeting,
          vaults_dpeg_hooks, vaults_dpeg_diagonal, nicolae_vaults_shelves_hall,
          v_misc_16, minmay_crypt_entry_simple_round,
          hangedman_vaults_stretched_pinwheel, uniq_mara
Vaults:3: gammafunk_vaults_ghost_cemetery, hangedman_vaults_snaps,
          nicolae_vaults_little_squares_4, vaults_mumra_hex,
          hangedman_vaults_locks, vaults_dpeg_spiral, v_misc_16, v_misc_14,
          dpeg_vaults_pockets_of_resistance
Vaults:4: nicolae_vaults_network_periphery, grunt_vaults_hallway_short,
          v_alt_pattern_2, st_check, vaults_standard_mumra_x,
          vaults_mumra_chevron, vaults_room_corners, ontoclasm_vaults_ligature,
          serial_shops, nicolae_shop_trees
Depths:1: grunt_hell_entry_dis_old, grunt_decor_fettered, enter_trove_0,
          rand_demon_pan_entry_1, minmay_fountain_box, minmay_misc_feat_plants,
          minmay_misc_feat_roman, minmay_shop_grid_forest,
          nicolae_elemental_shop
Depths:2: hangedman_cross_cluster, minmay_misc_feat_five, abyss_entry,
          grunt_metal_band, minmay_shop_grove, uniq_saint_roka
Depths:3: cheibrodos_tormentor_scu, hell_entry, hangedman_glass_teeth,
          grunt_pan_entry_zigzag, serial_bayou_shore_b
Depths:4: minmay_the_grid_ultimate, abyss_entry, hell_entry, serial_shops,
          uniq_jorgrun, uniq_enchantress
Depths:5: grunt_zot_entry_gee_three, enter_ziggurat_a, hell_entry
Zot:1:    lemuel_flame_loot_1
Zot:2:    gammafunk_ghost_grave, nicolae_lava_and_water, basic_stair_grate_trap,
          lemuel_elevator, grunt_megastairs_4
Zot:3:    lemuel_elevator, grunt_megastairs_5
Zot:4:    hangedman_zot_decor_scrapings, grunt_megastairs_3
Trove:    trove_jewel_2

Skill      XL: |  1  2  3  4  5  6  7  8  9 10 11 12 13 14 15 16 17 18 19 20 21 22 23 24 25 26 27 |
---------------+----------------------------------------------------------------------------------+-----
Fighting       | 4 5 6 7 9 10 11 13 14 15 16 18 19 20 21 22 23 24 25 27 | 27.0
Axes           | 5 6 8 9 10 12 14 16 18 20 21 22 23 24 25 26 27 | 27.0
Armour         | 3 4 5 6 7 9 10 11 12 14 15 16 17 18 19 20 22 25 26 27 | 27.0
Throwing       | 7 13 17 24 | 24.1
Dodging        | |  1.5

Action                   |  1- 3 |  4- 6 |  7- 9 | 10-12 | 13-15 | 16-18 | 19-21 | 22-24 | 25-27 || total
-------------------------+-------+-------+-------+-------+-------+-------+-------+-------+-------++-------
Melee: Hand axe          |    76 |   196 |       |       |       |       |       |       |       ||   272
       War axe           |       |    19 |   189 |       |       |       |       |       |       ||   208
       Battleaxe         |       |       |   111 |   459 |   118 |       |       |       |       ||   688
       Executioner's axe |       |       |       |       |   676 |  1022 |   885 |  1191 |  1273 ||  5047
Invok: Berserk           |     3 |     3 |     8 |    12 |     7 |    11 |    13 |    12 |     7 ||    76
       Brothers in Arms  |       |       |       |     1 |     3 |       |       |     1 |     2 ||     7
       Trog's Hand       |       |       |       |     1 |     2 |       |       |     1 |     2 ||     6
Evoke: Wand              |       |       |       |     4 |     5 |       |       |       |     1 ||    10
  Use: Scroll            |     1 |     3 |    13 |    10 |    15 |    13 |     6 |    33 |    24 ||   118
       Potion            |     2 |       |     2 |       |     3 |     1 |     1 |       |    10 ||    19
 Stab: Paralysed         |       |       |       |     2 |       |       |       |       |       ||     2
       Distracted        |       |       |       |     1 |       |       |     2 |     2 |     1 ||     6
       Invisible         |       |       |       |       |     1 |       |       |       |       ||     1
       Confused          |       |       |       |       |       |     1 |       |       |       ||     1
       Held in net/web   |       |       |       |       |       |     1 |       |       |       ||     1
  Eat: Chunk             |     4 |    15 |    19 |    27 |    40 |    21 |    29 |    20 |    21 ||   196
       Ration            |       |       |     1 |     6 |     2 |     8 |     6 |     9 |     9 ||    41
Armor: Animal skin       |    16 |    29 |       |       |       |       |       |       |       ||    45
       Plate armour      |       |    51 |   221 |   351 |   512 |  1010 |   497 |   492 |       ||  3134
       Gold dragon scale |       |       |       |       |       |       |       |   320 |  1170 ||  1490
Dodge: Dodged            |    53 |   109 |   126 |   201 |   286 |   499 |   294 |   397 |   454 ||  2419

Table legend:
 A = Spawn XP
 B = Non-spawn XP
 C = Spawn XP percentage of total XP
 D = Spawn monster count
 E = Non-spawn monster count
 F = Spawn count percentage of total count
 G = Total turns spent on level
                    A         B        C        D         E        F      G
               +---------+---------+-------+---------+---------+-------+---------
         Total |   10667 | 1603016 |   0.7 |      21 |    2228 |   0.9 | 79229
               +---------+---------+-------+---------+---------+-------+---------
           D:1 |       0 |      49 |   0.0 |       0 |      22 |   0.0 |  1726
           D:2 |       0 |     146 |   0.0 |       0 |      31 |   0.0 |  1569
           D:3 |       0 |     201 |   0.0 |       0 |      29 |   0.0 |  1397
           D:4 |       0 |     593 |   0.0 |       0 |      21 |   0.0 |  1436
           D:5 |       0 |    1088 |   0.0 |       0 |      25 |   0.0 |  1380
           D:6 |       0 |      55 |   0.0 |       0 |       6 |   0.0 |   729
           D:7 |       0 |    1357 |   0.0 |       0 |      29 |   0.0 |  1567
           D:8 |       0 |    2553 |   0.0 |       0 |      30 |   0.0 |  1777
           D:9 |       0 |    3006 |   0.0 |       0 |      39 |   0.0 |  1101
          D:10 |       0 |    2531 |   0.0 |       0 |      34 |   0.0 |   944
          D:11 |       0 |    5412 |   0.0 |       0 |      34 |   0.0 |  1266
          D:12 |       0 |    8344 |   0.0 |       0 |      34 |   0.0 |   834
          D:13 |       0 |   11090 |   0.0 |       0 |      40 |   0.0 |   696
          D:14 |       0 |    9067 |   0.0 |       0 |      26 |   0.0 |  1587
          D:15 |       0 |   12417 |   0.0 |       0 |      30 |   0.0 |   788
        Lair:1 |       0 |    5083 |   0.0 |       0 |      27 |   0.0 |  2629
        Lair:2 |       0 |    7251 |   0.0 |       0 |      34 |   0.0 |  2122
        Lair:3 |       0 |    9428 |   0.0 |       0 |      32 |   0.0 |  1606
        Lair:4 |       0 |    5654 |   0.0 |       0 |      13 |   0.0 |   991
        Lair:5 |       0 |    6040 |   0.0 |       0 |      19 |   0.0 |  1133
        Lair:6 |       0 |   27878 |   0.0 |       0 |      77 |   0.0 |  2398
       Swamp:1 |       0 |   22755 |   0.0 |       0 |      52 |   0.0 |  2001
       Swamp:2 |       0 |    5347 |   0.0 |       0 |      13 |   0.0 |  1014
       Swamp:3 |       0 |   15740 |   0.0 |       0 |      45 |   0.0 |  1024
       Swamp:4 |       0 |   27955 |   0.0 |       0 |      48 |   0.0 |   702
      Spider:1 |       0 |   17977 |   0.0 |       0 |      45 |   0.0 |  1106
      Spider:2 |       0 |   17787 |   0.0 |       0 |      34 |   0.0 |  1523
      Spider:3 |       0 |   18131 |   0.0 |       0 |      55 |   0.0 |   931
      Spider:4 |       0 |   28290 |   0.0 |       0 |      66 |   0.0 |  1255
         Orc:1 |       0 |    5304 |   0.0 |       0 |      39 |   0.0 |   793
         Orc:2 |       0 |    6937 |   0.0 |       0 |      53 |   0.0 |  2050
      Vaults:1 |       0 |   60159 |   0.0 |       0 |      88 |   0.0 |  4031
      Vaults:2 |       0 |  114473 |   0.0 |       0 |     132 |   0.0 |  3428
      Vaults:3 |       0 |   70487 |   0.0 |       0 |      83 |   0.0 |  2177
      Vaults:4 |       0 |   57726 |   0.0 |       0 |      79 |   0.0 |  2944
      Vaults:5 |       0 |  155231 |   0.0 |       0 |     149 |   0.0 |  2199
      Depths:1 |       0 |   36978 |   0.0 |       0 |      48 |   0.0 |  3082
      Depths:2 |       0 |   71290 |   0.0 |       0 |      76 |   0.0 |  1937
      Depths:3 |       0 |   43497 |   0.0 |       0 |      63 |   0.0 |  2826
      Depths:4 |     754 |  166519 |   0.5 |       3 |     125 |   2.3 |  4312
      Depths:5 |       0 |   85567 |   0.0 |       0 |      70 |   0.0 |  1259
         Zot:1 |       0 |   48976 |   0.0 |       0 |      29 |   0.0 |  1641
         Zot:2 |       0 |   72078 |   0.0 |       0 |      46 |   0.0 |  1718
         Zot:3 |       0 |  103508 |   0.0 |       0 |      63 |   0.0 |  1383
         Zot:4 |       0 |   59016 |   0.0 |       0 |      35 |   0.0 |  1475
         Zot:5 |       0 |  168565 |   0.0 |       0 |      55 |   0.0 |  2300
       Abyss:3 |    9913 |    3480 |  74.0 |      18 |       5 |  78.3 |   338
               +---------+---------+-------+---------+---------+-------+---------
